[Event "ICC tourney 1904 (10 3)"]
[Site "Internet Chess Club"]
[Date "2020.07.05"]
[Round "9"]
[White "atharvamchess"]
[Black "clair"]
[Result "1-0"]
[ICCResult "Black checkmated"]
[WhiteElo "1260"]
[BlackElo "1277"]
[Opening "Robatsch (modern) defense"]
[ECO "B06"]
[NIC "KF.06"]
[Time "16:49:19"]
[TimeControl "600+3"]

1. e4 g6 2. d4 Nf6 3. Nc3 d5 4. exd5 Nxd5 5. Nxd5 Qxd5 6. c4 Qe4+ 7. Be2
Qxg2 8. Bf3 Qxh1 9. Bxh1 h5 10. Be3 Bg4 11. Bf3 Bf5 12. Qd2 Nc6 13. Ne2
O-O-O 14. O-O-O e5 15. d5 Nb4 16. b3 e4 17. Bg2 Nd3+ 18. Kc2 Nb4+ 19. Kb2
Bg7+ 20. Kb1 a5 21. Ng3 Bg4 22. Rc1 Nd3 23. Rc2 f5 24. h3 Nb4 25. hxg4 hxg4
26. Rc1 Rh2 27. Rg1 Nd3 28. Bf1 Ne5 29. Be2 c6 30. Qxa5 Bh6 31. Bxh6 Rxh6
32. dxc6 Nxc6 33. Qc5 Rdh8 34. b4 Kb8 35. Qd6+ Ka7 36. c5 Nxb4 37. Qb6+ Kb8
38. Qxb4 Rh2 39. c6 R8h6 40. Qxb7# {Black checkmated} 1-0

[Event "ICC tourney 1904 (10 3)"]
[Site "Internet Chess Club"]
[Date "2020.07.05"]
[Round "9"]
[White "babu12020"]
[Black "Nacaroa-Dan"]
[Result "0-1"]
[ICCResult "White checkmated"]
[WhiteElo "1374"]
[BlackElo "1517"]
[Opening "Scandinavian defense"]
[ECO "B01"]
[NIC "SD.03"]
[Time "16:49:23"]
[TimeControl "600+3"]

1. e4 d5 2. exd5 Nf6 3. Nc3 Nxd5 4. Nxd5 Qxd5 5. Nf3 Nc6 6. Be2 Bf5 7. d4
O-O-O 8. c3 e5 9. dxe5 Qe4 10. Qb3 Nxe5 11. Be3 Nd3+ 12. Bxd3 Rxd3 13. O-O
Be6 14. Qb5 Bc4 15. Qa4 Rxe3 16. fxe3 Bc5 17. Nd4 Bxf1 18. Re1 Qxg2#
{White checkmated}
0-1

[Event "ICC tourney 1904 (10 3)"]
[Site "Internet Chess Club"]
[Date "2020.07.05"]
[Round "9"]
[White "mathewjiang"]
[Black "Jeffchess"]
[Result "0-1"]
[ICCResult "White resigns"]
[WhiteElo "1130"]
[BlackElo "1321"]
[Opening "Old Indian: Tartakower (Wade) variation"]
[ECO "A41"]
[NIC "QO.17"]
[Time "16:50:03"]
[TimeControl "600+3"]

1. d4 d6 2. Nf3 Bg4 3. c4 Bxf3 4. exf3 Nd7 5. Nc3 c6 6. Be2 Nb6 7. O-O a6 8.
Bf4 d5 9. c5 Nd7 10. b4 e6 11. a4 b5 12. a5 Be7 13. Bd3 Bg5 14. Qd2 Bxf4 15.
Qxf4 Ndf6 16. Qe5 Qb8 17. Qxb8+ Rxb8 18. Rfe1 Ne7 19. Rad1 Kd7 20. h3 h6 21.
Ne2 g6 22. Ng3 h5 23. h4 Rbg8 24. f4 Nf5 25. Bxf5 gxf5 26. Re3 Rg4 27. Ne2
Rxh4 28. Rg3 Rg4 29. Rdd3 Ne4 30. Rxg4 hxg4 31. g3 Re8 32. Nc3 f6 33. Kg2
Nxc3 34. Rxc3 e5 35. fxe5 fxe5 36. dxe5 Rxe5 37. Re3 Re4 38. Rxe4 fxe4 39.
Kf1 Ke6 40. Ke2 Ke5 41. Kd2 Kd4 {White resigns} 0-1

[Event "ICC tourney 1904 (10 3)"]
[Site "Internet Chess Club"]
[Date "2020.07.05"]
[Round "9"]
[White "Knightboy123"]
[Black "CastledQueen"]
[Result "0-1"]
[ICCResult "White checkmated"]
[WhiteElo "1303"]
[BlackElo "1491"]
[Opening "QP counter-gambit (elephant gambit)"]
[ECO "C40"]
[NIC "KP.10"]
[Time "16:50:03"]
[TimeControl "600+3"]

1. e4 e5 2. Nf3 d5 3. exd5 e4 4. Ne5 Bd6 5. Nc4 Be7 6. Nc3 Nf6 7. d3 exd3 8.
Bxd3 O-O 9. O-O Nbd7 10. Bf4 Nc5 11. Be2 Nfe4 12. Nxe4 Nxe4 13. f3 Nf6 14.
d6 cxd6 15. Nxd6 Qb6+ 16. Kh1 Rd8 17. Nxc8 Raxc8 18. Qc1 Nd5 19. Bd2 Nb4 20.
Bxb4 Qxb4 21. c3 Qh4 22. Qe1 Qh6 23. Qf2 Rd2 24. Rab1 Bc5 25. Qe1 Re8 26.
Qg3 Rexe2 27. Qb8+ Bf8 28. Rfe1 Rxg2 29. Re8 Qxh2+ 30. Qxh2 Rxh2+ 31. Kg1 f6
32. Rb8 Kf7 33. Rxb7+ Kg6 34. Rxa7 Bc5+ 35. Kf1 Rh1# {White checkmated} 0-1

[Event "ICC tourney 1904 (10 3)"]
[Site "Internet Chess Club"]
[Date "2020.07.05"]
[Round "9"]
[White "MGrei"]
[Black "squaling"]
[Result "0-1"]
[ICCResult "White resigns"]
[WhiteElo "1168"]
[BlackElo "1136"]
[Opening "Ruy Lopez: old Steinitz defense"]
[ECO "C62"]
[NIC "RL.02"]
[Time "16:49:16"]
[TimeControl "600+3"]

1. e4 e5 2. Nf3 Nc6 3. Bb5 d6 4. d4 exd4 5. Nxd4 Bd7 6. Nxc6 bxc6 7. Bc4 Nf6
8. O-O Nxe4 9. Re1 d5 10. Bd3 Bf5 11. f3 Bc5+ 12. Kf1 Qf6 13. Be3 O-O 14.
Bxe4 dxe4 15. Bxc5 Qxb2 16. Bd4 Qb5+ 17. Kg1 exf3 18. Qxf3 Qb4 19. Rd1 Bxc2
20. Bc3 Qc5+ 21. Bd4 Qb4 22. Qg4 g6 23. Rc1 Rad8 24. Bf6 Qxg4 25. Bxd8 Bxb1
26. Be7 Qd4+ {White resigns} 0-1

[Event "ICC tourney 1904 (10 3)"]
[Site "Internet Chess Club"]
[Date "2020.07.05"]
[Round "9"]
[White "albli"]
[Black "LChessMaster"]
[Result "1-0"]
[ICCResult "Black checkmated"]
[WhiteElo "1583"]
[BlackElo "1512"]
[Opening "Sicilian: Najdorf, Byrne (English) attack"]
[ECO "B90"]
[NIC "SI.14"]
[Time "16:49:32"]
[TimeControl "600+3"]

1. e4 c5 2. Nf3 d6 3. d4 cxd4 4. Nxd4 Nf6 5. Nc3 a6 6. Be3 e6 7. f3 Be7 8.
Qd2 Nc6 9. O-O-O Nxd4 10. Bxd4 b5 11. g4 e5 12. Be3 Be6 13. g5 Nd7 14. Kb1
Nb6 15. Nd5 Bxd5 16. exd5 Na4 17. b3 Nc5 18. Bxc5 dxc5 19. h4 Bd6 20. Qe2
O-O 21. Rg1 Qa5 22. h5 c4 23. g6 fxg6 24. hxg6 h6 25. Bh3 c3 26. Be6+ Kh8
27. Ka1 Qa3 28. Rb1 a5 29. Qe3 Bc5 30. Qe1 Bxg1 31. Qxg1 a4 32. b4 Rf4 33.
Qc5 Raf8 34. Bf7 R4xf7 35. gxf7 Rxf7 36. d6 Kg8 37. d7 Rf8 38. Qxf8+ Kxf8
39. d8=Q+ Kf7 40. Qd5+ Kf6 41. Qxb5 h5 42. Qc6+ Kf5 43. b5 Qf8 44. b6 a3 45.
b7 Kf4 46. b8=Q Qf5 47. Qe4+ Qxe4 48. fxe4 Kxe4 49. Qh8 Kd4 50. Qxh5 e4 51.
Rd1+ Ke3 52. Qh4 Ke2 53. Re1+ Kd2 54. Qf2# {Black checkmated} 1-0

[Event "ICC tourney 1904 (10 3)"]
[Site "Internet Chess Club"]
[Date "2020.07.05"]
[Round "9"]
[White "MonkeyTown"]
[Black "aquilesboy"]
[Result "0-1"]
[ICCResult "White resigns"]
[WhiteElo "1342"]
[BlackElo "1417"]
[Opening "Sicilian: Alapin's variation (2.c3)"]
[ECO "B22"]
[NIC "SI.46"]
[Time "16:49:34"]
[TimeControl "600+3"]

1. e4 c5 2. c3 d5 3. exd5 Qxd5 4. d4 Nc6 5. Nf3 Bf5 6. Be2 Bxb1 7. Rxb1 cxd4
8. cxd4 O-O-O 9. Be3 e5 10. dxe5 Bb4+ 11. Kf1 Qxa2 12. Qc2 Ne7 13. g3 Nd5
14. Bc1 Kb8 15. Kg2 Nc3 16. Bg5 Nxb1 17. Bxd8 Na3 18. Qf5 g6 19. Bc7+ Kxc7
20. Qxf7+ Qxf7 {White resigns} 0-1

[Event "ICC tourney 1904 (10 3)"]
[Site "Internet Chess Club"]
[Date "2020.07.05"]
[Round "9"]
[White "spaceegg"]
[Black "DankMemer"]
[Result "1-0"]
[ICCResult "Black resigns"]
[WhiteElo "1174"]
[BlackElo "1083"]
[Opening "French: advance variation"]
[ECO "C02"]
[NIC "FR.03"]
[Time "16:49:17"]
[TimeControl "600+3"]

1. e4 e6 2. d4 d5 3. e5 c5 4. c3 Nc6 5. Bb5 a6 6. Bxc6+ bxc6 7. Nf3 Ne7 8.
dxc5 Ng6 9. b4 Qc7 10. Qd4 a5 11. Ba3 Ba6 12. Nbd2 axb4 13. Bxb4 Be7 14. a3
O-O 15. c4 f6 16. O-O fxe5 17. Qe3 e4 18. Nd4 Qd7 19. f3 exf3 20. Rxf3 Rxf3
21. N4xf3 Rf8 22. cxd5 exd5 23. Nd4 Bf6 24. N2f3 Re8 25. Qd2 Nh4 26. Nxh4
Bxd4+ 27. Qxd4 Re4 28. Qf2 Re2 29. Qf5 {Black resigns} 1-0

[Event "ICC tourney 1904 (10 3)"]
[Site "Internet Chess Club"]
[Date "2020.07.05"]
[Round "9"]
[White "Ben2008"]
[Black "saisneha"]
[Result "1-0"]
[ICCResult "Black resigns"]
[WhiteElo "1332"]
[BlackElo "1417"]
[Opening "Scotch game"]
[ECO "C45"]
[NIC "SO.05"]
[Time "16:49:35"]
[TimeControl "600+3"]

1. e4 e5 2. Nf3 Nc6 3. d4 exd4 4. Nxd4 Bc5 5. Nxc6 Qf6 6. Qf3 Qxf3 7. gxf3
dxc6 8. Bf4 Bb6 9. Rg1 g6 10. Bc4 Nf6 11. Nd2 Ke7 12. Ke2 Be6 13. Bxe6 Kxe6
14. Nc4 Rad8 15. Nxb6 cxb6 16. Rad1 c5 17. Rg5 Rxd1 18. Re5+ Kd7 19. Kxd1
Kc6 20. Ke2 Rd8 21. Bg5 Rd6 22. Re7 h6 23. e5 {Black resigns} 1-0

[Event "ICC tourney 1904 (10 3)"]
[Site "Internet Chess Club"]
[Date "2020.07.05"]
[Round "9"]
[White "Mitochondria"]
[Black "krishghosh"]
[Result "0-1"]
[ICCResult "White resigns"]
[WhiteElo "1199"]
[BlackElo "1218"]
[Opening "Queen's pawn: Charlick (Englund) gambit"]
[ECO "A40"]
[NIC "QO.17"]
[Time "16:49:42"]
[TimeControl "600+3"]

1. d4 e5 2. c3 exd4 3. cxd4 Nf6 4. Nf3 d5 5. e3 Nbd7 6. Nc3 c6 7. Be2 Bd6 8.
O-O O-O 9. Re1 Re8 10. Bd3 h6 11. e4 dxe4 12. Nxe4 Nxe4 13. Bxe4 Nf6 14. Bd3
Bg4 15. Bd2 Qc7 16. h3 Rxe1+ 17. Bxe1 Be6 18. Bc3 Re8 19. d5 Nxd5 20. Qc2
Nb4 21. Qd2 Nxd3 22. Qxd3 Rd8 23. Qd4 Bh2+ 24. Nxh2 Rxd4 25. Bxd4 Qd6 26.
Bxa7 Qd2 27. Be3 Qxb2 28. Rd1 Qxa2 29. Rd8+ Kh7 30. Rd1 b5 31. Nf3 b4 32.
Nd4 b3 33. Nxb3 Qxb3 34. Rc1 Qb5 35. Rc5 Qb1+ 36. Rc1 Qb7 37. Rc5 Bd5 38. h4
Qe7 39. Rc3 Qe4 40. f3 Qxh4 41. Rc1 Qe7 42. Bc5 Qg5 43. Rc3 Bxf3 44. Rxf3
Qxc5+ 45. Kh2 Qh5+ 46. Kg1 c5 47. Kf2 c4 48. Kg1 Qxf3 49. gxf3 c3
{White resigns}
0-1

[Event "ICC tourney 1904 (10 3)"]
[Site "Internet Chess Club"]
[Date "2020.07.05"]
[Round "9"]
[White "chesslead"]
[Black "Benranger2011"]
[Result "1/2-1/2"]
[ICCResult "Game drawn because neither player has mating material"]
[WhiteElo "1573"]
[BlackElo "1497"]
[Opening "Giuoco Piano"]
[ECO "C50"]
[NIC "IG.02"]
[Time "16:50:03"]
[TimeControl "600+3"]

1. e4 e5 2. Nf3 Nc6 3. Bc4 Bc5 4. O-O Nf6 5. d3 O-O 6. c3 b5 7. Bxb5 Re8 8.
Nbd2 a6 9. Bc4 a5 10. h3 d6 11. Re1 a4 12. Nf1 Bd7 13. Be3 Bxe3 14. Nxe3 Nh5
15. b3 Na5 16. Qd2 h6 17. Rad1 axb3 18. axb3 Nxc4 19. bxc4 Nf4 20. Nd5 Nxd5
21. cxd5 c6 22. dxc6 Bxc6 23. d4 exd4 24. Qxd4 Re6 25. Re3 Ra4 26. c4 Qa8
27. Nd2 Kh7 28. Rg3 Rf6 29. Rb1 Qa5 30. Re3 Ra2 31. Rb2 Ra1+ 32. Rb1 Ra2 33.
Nf3 Qa4 34. Reb3 Re6 35. e5 Bxf3 36. Rxf3 Qc2 37. Qd1 dxe5 38. Qxc2+ Rxc2
39. Rxf7 Rxc4 40. Rbb7 Rg6 41. Rf5 Rg5 42. Rff7 h5 43. Rfc7 Rxc7 44. Rxc7
Rf5 45. Rc6 Rf6 46. Rxf6 gxf6 47. g4 hxg4 48. hxg4 Kg6 49. Kg2 Kg5 50. Kg3
e4 51. f3 exf3 52. Kxf3 Kh6 53. Kf4 Kg6 54. Kg3 Kg5 55. Kf3 Kh4 56. Kf4 Kh3
57. g5 fxg5+ 58. Kxg5 {Game drawn because neither player has mating
material} 1/2-1/2

[Event "ICC tourney 1904 (10 3)"]
[Site "Internet Chess Club"]
[Date "2020.07.05"]
[Round "9"]
[White "Xqpnc28"]
[Black "DrKnight01"]
[Result "0-1"]
[ICCResult "White resigns"]
[WhiteElo "1146"]
[BlackElo "1256"]
[Opening "Ruy Lopez: old Steinitz defense"]
[ECO "C62"]
[NIC "RL.02"]
[Time "16:49:45"]
[TimeControl "600+3"]

1. e4 e5 2. Nf3 Nc6 3. Bb5 d6 4. O-O Bg4 5. h3 Bh5 6. c3 a6 7. Ba4 Nf6 8.
Re1 b5 9. Bb3 g5 10. g4 Bg6 11. d3 h5 12. Bxg5 hxg4 13. hxg4 Be7 14. Nh4 Qd7
15. Bxf6 Bxf6 16. Nxg6 fxg6 17. Kg2 O-O-O 18. f3 Rhf8 19. Nd2 Bg5 20. Rf1
Bxd2 21. Qxd2 Qe7 22. Bd5 Nb8 23. a4 bxa4 24. Rxa4 Rh8 25. Rh1 Rxh1 26. Kxh1
Rh8+ 27. Kg1 Qh4 28. Be6+ Kd8 29. Qg2 Qe1+ 30. Qf1 Rh1+ 31. Kxh1 Qxf1+
{White resigns}
0-1

[Event "ICC tourney 1904 (10 3)"]
[Site "Internet Chess Club"]
[Date "2020.07.05"]
[Round "9"]
[White "tigerche207"]
[Black "Chessmasterrus"]
[Result "1-0"]
[ICCResult "Black checkmated"]
[WhiteElo "1515"]
[BlackElo "1489"]
[Opening "Caro-Kann defense"]
[ECO "B15"]
[NIC "CK.05"]
[Time "16:49:55"]
[TimeControl "600+3"]

1. e4 c6 2. d4 d5 3. Nc3 dxe4 4. Nxe4 Nf6 5. Ng3 g6 6. Nf3 Bg7 7. Bc4 O-O 8.
O-O Bg4 9. h3 Bxf3 10. gxf3 Nbd7 11. c3 Qc7 12. f4 Nb6 13. Bd3 Nfd5 14. f5
Nf4 15. Bxf4 Qxf4 16. fxg6 fxg6 17. Qb3+ Kh8 18. Rae1 Nd5 19. Be4 Nf6 20.
Bg2 Qc7 21. Re6 Rae8 22. Rfe1 h5 23. Ne4 Qf4 24. Nc5 Nd5 25. R6e2 Rf5 26.
Ne6 Qh4 27. Qxb7 Bf6 28. Qxc6 Rg8 29. Bxd5 Qxh3 30. Bg2 Qh4 31. Qe4 Qxe4 32.
Rxe4 h4 33. Bh3 Ra5 34. a3 g5 35. Bg4 Rb8 36. R1e2 Rab5 37. c4 Rb3 38. c5 h3
39. c6 Rxb2 40. Rxb2 Rxb2 41. c7 Rc2 42. Nc5 h2+ 43. Kxh2 Rxf2+ 44. Kg1 Rb2
45. c8=Q+ Kh7 46. Bf5+ Kh6 47. Qf8+ Kh5 48. Qf7+ Kh6 49. Qg6# {Black
checkmated} 1-0

[Event "ICC tourney 1904 (10 3)"]
[Site "Internet Chess Club"]
[Date "2020.07.05"]
[Round "9"]
[White "christopherelam"]
[Black "messyblaster"]
[Result "1/2-1/2"]
[ICCResult "Game drawn by mutual agreement"]
[WhiteElo "1329"]
[BlackElo "1349"]
[Opening "Queen's pawn, Mason variation"]
[ECO "D00"]
[NIC "QP.08"]
[Time "16:49:35"]
[TimeControl "600+3"]

1. d4 d5 2. Bf4 Nf6 3. e3 Bf5 4. Nf3 e6 5. c3 Nbd7 6. Bd3 Bxd3 7. Qxd3 Be7
8. Nbd2 O-O 9. Ne5 Nxe5 10. Bxe5 Nd7 11. Nf3 Bf6 12. Bg3 c5 13. Qc2 cxd4 14.
cxd4 Rc8 15. Qd3 Nb6 16. Ne5 Bxe5 17. Bxe5 Nc4 18. O-O Nxe5 19. dxe5 Qc7 20.
Qd2 Qxe5 21. Rac1 Qd6 22. Rxc8 Rxc8 23. Rc1 Rxc1+ 24. Qxc1 Qc6 25. Qd2 Kf8
26. Qb4+ Ke8 27. g3 a6 28. Qh4 h6 29. Qb4 b6 30. Qd4 f6 31. Qg4 Kf7 32. Qh5+
Kf8 33. Qe2 Qc4 34. Qd2 Ke8 35. b3 Qc5 36. Qd1 Kf8 37. Qd2 a5 38. Kg2 Qb4
39. Qc1 Qc5 {Game drawn by mutual agreement} 1/2-1/2

[Event "ICC tourney 1904 (10 3)"]
[Site "Internet Chess Club"]
[Date "2020.07.05"]
[Round "9"]
[White "andrewhzhang"]
[Black "NamanSingh283"]
[Result "0-1"]
[ICCResult "White resigns"]
[WhiteElo "1588"]
[BlackElo "1845"]
[Opening "Sicilian: dragon, Yugoslav attack, Rauser variation"]
[ECO "B76"]
[NIC "SI.17"]
[Time "16:49:10"]
[TimeControl "600+3"]

1. e4 c5 2. Nf3 d6 3. d4 cxd4 4. Nxd4 Nf6 5. Nc3 g6 6. Be3 Bg7 7. f3 O-O 8.
Qd2 Nc6 9. O-O-O d5 10. exd5 Nxd5 11. Nxc6 bxc6 12. Bd4 Bxd4 13. Qxd4 Qc7
14. Bc4 e5 15. Qd3 Bf5 16. Qd2 Rfd8 17. Ne4 Qb6 18. Qh6 Bxe4 19. fxe4 Qe3+
20. Qxe3 Nxe3 21. Rxd8+ Rxd8 22. Bd3 Nxg2 23. a4 Nf4 24. Kd2 f5 25. Re1 Ng2
26. Re2 Nh4 27. Kc3 f4 28. b4 Kg7 29. b5 cxb5 30. Bxb5 Rd1 31. Rf2 g5 32.
Rf1 Rxf1 33. Bxf1 g4 34. Kd2 Nf3+ 35. Ke2 Nxh2 36. c4 g3 37. Bg2 Kf6 38. c5
h5 39. Bh3 f3+ 40. Ke3 f2 41. c6 f1=Q 42. Bxf1 Nxf1+ 43. Ke2 Ke7 44. Kxf1
Kd6 45. Kg2 h4 {White resigns} 0-1

[Event "ICC tourney 1904 (10 3)"]
[Site "Internet Chess Club"]
[Date "2020.07.05"]
[Round "9"]
[White "PhaseShift"]
[Black "Ghostrook"]
[Result "1-0"]
[ICCResult "Black resigns"]
[WhiteElo "1507"]
[BlackElo "1350"]
[Opening "Queen's pawn game, Darooha variation "]
[ECO "D02"]
[NIC "QP.08"]
[Time "16:49:38"]
[TimeControl "600+3"]

1. d4 d5 2. Nf3 Nf6 3. g3 g6 4. Bg2 Bg7 5. O-O O-O 6. b3 Bf5 7. Bb2 Nbd7 8.
c4 c6 9. e3 Ne4 10. Nbd2 Ndf6 11. Qe2 Nxd2 12. Nxd2 dxc4 13. bxc4 Qb6 14.
Bc3 Rfe8 15. e4 Bg4 16. f3 Bd7 17. Rab1 Qc7 18. e5 Nh5 19. f4 Bf8 20. Ne4
Rab8 21. Rb2 Qc8 22. Rfb1 Bg4 23. Qd2 Bh3 24. d5 Bxg2 25. Kxg2 b6 26. a4
cxd5 27. cxd5 Qc4 28. Rb4 Qc8 29. a5 e6 30. d6 Qc6 31. axb6 axb6 32. Kg1
Red8 33. Rc1 Ng7 34. Bb2 Qb7 35. Rc7 Qd5 36. Nf6+ {Black resigns} 1-0

[Event "ICC tourney 1904 (10 3)"]
[Site "Internet Chess Club"]
[Date "2020.07.05"]
[Round "9"]
[White "JGroder"]
[Black "MIEMBR"]
[Result "1/2-1/2"]
[ICCResult "Game drawn because neither player has mating material"]
[WhiteElo "1457"]
[BlackElo "1546"]
[Opening "Sicilian defense"]
[ECO "B40"]
[NIC "SI.43"]
[Time "16:49:38"]
[TimeControl "600+3"]

1. e4 c5 2. Nf3 e6 3. c4 Nc6 4. d4 cxd4 5. Nxd4 Nf6 6. Nc3 Bb4 7. Nxc6 bxc6
8. Bd3 e5 9. Bd2 d6 10. O-O O-O 11. a3 Bc5 12. b4 Bb6 13. Na4 Bd4 14. Rb1
Be6 15. Nc3 d5 16. cxd5 cxd5 17. h3 Rc8 18. exd5 Nxd5 19. Rc1 Nf4 20. Be4
Bxc3 21. Rxc3 Rxc3 22. Bxc3 Qxd1 23. Rxd1 Ne2+ 24. Kh2 Nxc3 25. Re1 Nxe4 26.
Rxe4 f6 27. b5 Rc8 28. Ra4 Rc7 29. g4 Kf7 30. f4 exf4 31. Rxf4 Rc4 32. Rf3
Bd7 33. Rb3 Ke6 34. b6 axb6 35. Rxb6+ Rc6 36. Rb3 Rc4 37. Rb6+ Ke5 38. Rb7
Rd4 39. a4 Bxa4 40. Rxg7 Rd7 41. Rg8 Bc2 42. Kg3 Bg6 43. Rb8 Rd3+ 44. Kh4
Rd4 45. Kg3 Be4 46. Re8+ Kd6 47. Rf8 Ke7 48. Rh8 Kf7 49. Rc8 Rd3+ 50. Kh2
Kg6 51. h4 Rd2+ 52. Kg3 Rg2+ 53. Kh3 h5 54. gxh5+ Kf7 55. Rc7+ Ke6 56. h6
Rg8 57. h7 Rh8 58. Kg4 Rxh7 59. Rc8 f5+ 60. Kg5 Ke5 61. Re8+ Kd4 62. Rf8 Ke3
63. h5 f4 64. Rxf4 Rg7+ 65. Kf6 Kxf4 66. Kxg7 Kg5 67. h6 Kh5 68. h7 Bxh7
{Game drawn because neither player has mating material}
1/2-1/2

[Event "ICC tourney 1904 (10 3)"]
[Site "Internet Chess Club"]
[Date "2020.07.05"]
[Round "9"]
[White "Sricharan07"]
[Black "IndianTerritory"]
[Result "0-1"]
[ICCResult "White resigns"]
[WhiteElo "1583"]
[BlackElo "1702"]
[Opening "Caro-Kann: advance variation"]
[ECO "B12"]
[NIC "CK.04"]
[Time "16:49:13"]
[TimeControl "600+3"]

1. e4 c6 2. d4 d5 3. e5 Bf5 4. Nf3 e6 5. Be2 h6 6. O-O Bb4 7. Nbd2 Ba5 8. c4
Ne7 9. a3 Nd7 10. c5 Bc7 11. b4 O-O 12. Bb2 b6 13. Nb3 bxc5 14. Nxc5 Nxc5
15. bxc5 Ba5 16. Nd2 Ng6 17. g4 Nf4 18. Nb3 Bg6 19. Nxa5 Qxa5 20. Bf3 f6 21.
exf6 Rxf6 22. Bg2 Bd3 23. Re1 Nxg2 24. Kxg2 Be4+ 25. Rxe4 dxe4 26. Qe2 Rb8
27. Rf1 Qd8 28. Bc3 Rf3 29. Ba1 Qd5 30. Re1 Rxa3 31. Kg1 Ra2 32. Qe3 Rb3 33.
Qf4 Rba3 34. Qb8+ Kh7 {White resigns} 0-1

[Event "ICC tourney 1904 (10 3)"]
[Site "Internet Chess Club"]
[Date "2020.07.05"]
[Round "9"]
[White "SuperBlueSky"]
[Black "blackmanrook"]
[Result "1-0"]
[ICCResult "Black checkmated"]
[WhiteElo "1341"]
[BlackElo "1607"]
[Opening "QGA: 3.Nf3"]
[ECO "D21"]
[NIC "QG.05"]
[Time "16:49:18"]
[TimeControl "600+3"]

1. d4 d5 2. c4 dxc4 3. Nf3 e6 4. e3 b5 5. a4 c6 6. axb5 cxb5 7. b3 Bb4+ 8.
Bd2 Bxd2+ 9. Nbxd2 c3 10. Bxb5+ Bd7 11. Bxd7+ Nxd7 12. Nc4 Qc7 13. Qc2 Ngf6
14. Qxc3 O-O 15. O-O Rfc8 16. Rfc1 Ne4 17. Qc2 Ndf6 18. Nfd2 Nxf2 19. Kxf2
Qxh2 20. Qd1 h5 21. Ne5 Qh4+ 22. Kg1 Nd5 23. Qf3 f6 24. Ng6 Qg5 25. Nf4 h4
26. Nxd5 exd5 27. Qf4 Qh5 28. Nf3 h3 29. g4 Qh7 30. Qf5 Rxc1+ 31. Rxc1 h2+
32. Nxh2 Qh3 33. Rc8+ Rxc8 34. Qxc8+ Kh7 35. Qf5+ g6 36. Qd7+ Kh6 37. g5+
Kxg5 38. Qxh3 f5 39. Nf3+ Kf6 40. Qh4+ Ke6 41. Qg5 Kd7 42. Ne5+ Kc7 43. Qe7+
Kb6 44. Qc5+ Ka6 45. Qc6+ Ka5 46. Qxd5+ Kb4 47. Nc6+ Kc3 48. Qc4+ Kd2 49. d5
g5 50. d6 f4 51. exf4 gxf4 52. Qxf4+ Kc3 53. d7 a5 54. d8=Q a4 55. Qa5+ Kb2
56. Qfd2+ Kb1 57. bxa4 Ka1 58. Qac3+ Kb1 59. Qcb2# {Black checkmated} 1-0

[Event "ICC tourney 1904 (10 3)"]
[Site "Internet Chess Club"]
[Date "2020.07.05"]
[Round "9"]
[White "Priccchess"]
[Black "HenriVZ"]
[Result "0-1"]
[ICCResult "White checkmated"]
[WhiteElo "1482"]
[BlackElo "1504"]
[Opening "Giuoco Pianissimo: Italian four knights variation"]
[ECO "C50"]
[NIC "IG.02"]
[Time "16:49:11"]
[TimeControl "600+3"]

1. e4 e5 2. Nf3 Nc6 3. Bc4 Bc5 4. Nc3 Nf6 5. d3 d6 6. h3 O-O 7. O-O Be6 8.
Bb3 Qd7 9. Kh2 Nd4 10. Nxd4 Bxd4 11. Ne2 Bb6 12. f4 Bxb3 13. axb3 Rfe8 14.
Ng3 d5 15. fxe5 Rxe5 16. Rxf6 gxf6 17. Bf4 Ree8 18. Nf5 Kh8 19. Bh6 Rg8 20.
Qh5 Rg6 21. Nh4 Qd6+ 22. Kh1 Rag8 23. Nxg6+ Rxg6 24. g4 Qg3 25. Rf1 Bf2 26.
Qf5 Qxh3# {White checkmated} 0-1

[Event "ICC tourney 1904 (10 3)"]
[Site "Internet Chess Club"]
[Date "2020.07.05"]
[Round "9"]
[White "hackerguru"]
[Black "Grinch81"]
[Result "0-1"]
[ICCResult "White resigns"]
[WhiteElo "1441"]
[BlackElo "1302"]
[Opening "English opening"]
[ECO "A05"]
[NIC "QP.11"]
[Time "16:49:38"]
[TimeControl "600+3"]

1. Nf3 Nf6 2. c4 e6 3. e3 d5 4. b3 Be7 5. Bb2 O-O 6. Be2 b6 7. O-O c5 8. d4
Bb7 9. Nc3 cxd4 10. Nxd4 Nc6 11. Nxc6 Bxc6 12. cxd5 Nxd5 13. Nxd5 Bxd5 14.
Bf3 Bxf3 15. Qxf3 Qd2 16. Bd4 Rfc8 17. Qg4 Bf8 18. h4 Rc2 19. h5 h6 20. Rad1
Qe2 21. Qe4 Rac8 22. g4 Rd2 23. Rxd2 Qxd2 24. g5 Qc2 25. Qg4 hxg5 26. Qxg5
Qh7 27. Kh1 Qh6 28. Qxh6 gxh6 29. Kg2 Rc2 30. Ra1 Bg7 31. Bxg7 Kxg7 32. b4
Rc4 33. a3 Rh4 34. Rc1 Rxh5 35. Rc7 a5 36. bxa5 Rxa5 37. Rc6 Rxa3 38. Rxb6
Ra5 39. Rb4 Rg5+ 40. Kh2 Kg6 41. Rf4 e5 42. Rf3 f5 43. Kh1 Rg4 44. Kh2 Kg5
45. Kh1 h5 46. Kh2 h4 47. Kh1 Ra4 48. Kh2 Ra1 49. Rh3 e4 50. Kg2 Kh5 51. f3
Ra2+ 52. Kf1 Kg5 53. Kg1 Rb2 54. Kf1 Kh5 55. Kg1 Re2 56. fxe4 fxe4 57. Kf1
Ra2 58. Rh1 Kg4 59. Rg1+ Kf3 {White resigns} 0-1

[Event "ICC tourney 1904 (10 3)"]
[Site "Internet Chess Club"]
[Date "2020.07.05"]
[Round "9"]
[White "wildrumpus"]
[Black "SamLightning"]
[Result "0-1"]
[ICCResult "White checkmated"]
[WhiteElo "1271"]
[BlackElo "1248"]
[Opening "Queen's pawn: stonewall attack"]
[ECO "A45"]
[NIC "QP.07"]
[Time "16:49:41"]
[TimeControl "600+3"]

1. d4 Nf6 2. e3 d5 3. Bd3 g6 4. Nd2 Bg7 5. f4 b6 6. Ngf3 Bb7 7. O-O O-O 8.
Ne5 Nbd7 9. Ndf3 c5 10. c3 Qc7 11. Qe1 Ne8 12. Ng5 h6 13. Nxg6 hxg5 14.
Nxe7+ Kh8 15. fxg5 Qd6 16. Qh4+ Bh6 17. Qxh6+ Qxh6 18. gxh6 c4 19. Ng6+ fxg6
20. Rxf8+ Nxf8 21. e4 cxd3 22. e5 Ne6 23. Bd2 N8c7 24. Rf1 Rf8 25. Re1 Kh7
26. Re3 g5 27. Rxd3 Nf4 28. Rf3 Kxh6 29. Kf1 Nce6 30. g3 Nh3 31. Rxf8 Nxf8
32. Kg2 Bc8 33. b3 Bg4 34. c4 dxc4 35. bxc4 Ne6 36. d5 Nc5 37. e6 Kg7 38.
Bc3+ Kf8 39. Bf6 Ne4 40. Be5 Ke7 41. a3 Nc5 42. d6+ Kxe6 43. d7 Nxd7 44. Bb8
Nxb8 45. c5 bxc5 46. a4 c4 47. a5 c3 48. a6 c2 49. Kf1 c1=Q+ 50. Kg2 Qg1#
{White checkmated}
0-1

[Event "ICC tourney 1904 (10 3)"]
[Site "Internet Chess Club"]
[Date "2020.07.05"]
[Round "9"]
[White "Harbingerman"]
[Black "ivo20"]
[Result "0-1"]
[ICCResult "White resigns"]
[WhiteElo "933"]
[BlackElo "1174"]
[Opening "Queen's pawn"]
[ECO "A40"]
[NIC "QO.17"]
[Time "16:49:12"]
[TimeControl "600+3"]

1. d4 c6 2. Bf4 d6 3. e3 g6 4. Be2 Bg7 5. Nf3 Nf6 6. h3 Ne4 7. Nbd2 d5 8.
Nxe4 dxe4 9. Nd2 f5 10. h4 Nd7 11. h5 Nf6 12. hxg6 hxg6 13. Rxh8+ Bxh8 14.
Be5 Bd7 15. c4 Kf7 16. f3 exf3 17. gxf3 Nh5 18. f4 e6 19. Bxh5 Qh4+ 20. Kf1
Qh3+ 21. Kg1 gxh5 22. Qf3 Rg8+ 23. Kf2 Qh2+ 24. Ke1 Bxe5 25. dxe5 Rg1+ 26.
Nf1 Qh4+ 27. Qf2 Qxf2+ 28. Kxf2 Rg4 29. Rd1 Ke7 30. c5 b6 31. Nh2 Rg7 32.
Rc1 h4 33. Nf3 h3 34. Ng5 h2 35. Kg2 bxc5 36. Rh1 c4 37. Rxh2 c5 38. Rh1
Bc6+ 39. e4 fxe4 40. Rc1 e3+ 41. Kf1 Bd5 42. Ke2 Rg6 43. Kxe3 Rh6 44. Kd2
Rh2+ 45. Kc3 Rf2 46. b4 cxb4+ 47. Kxb4 Rxf4 48. Rc3 Rf5 49. Nh3 Rxe5 50. Nf2
Re2 51. Nd1 Rxa2 52. Ne3 a5+ 53. Kb5 Rb2+ 54. Kxa5 Rb3 55. Nxd5+ exd5 56.
Rc1 d4 57. Ka4 Rc3 58. Rd1 d3 59. Rd2 Rc2 60. Rd1 d2 61. Kb4 c3 62. Kb3 Rc1
{White resigns}
0-1